% Time on Ice - OAKLAND GORILLAS
Lines # - Real PCT - Wanted PCT - Time Play
Normal Forward
1 - 37% - 36% - 13:59
2 - 30% - 31% - 11:28
3 - 22% - 23% - 8:15
4 - 11% - 10% - 4:12
Normal Defense
1 - 37% - 36% - 14:05
2 - 30% - 31% - 11:25
3 - 31% - 23% - 11:40
4 - 2% - 10% - 0:44
PP Forward
1 - 49% - 55% - 3:54
2 - 51% - 45% - 4:02
PP Defense
1 - 48% - 55% - 3:48
2 - 52% - 45% - 4:08
PK Forward
1 - 55% - 55% - 6:30
2 - 45% - 45% - 5:13
PK Defense
1 - 59% - 55% - 6:54
2 - 41% - 45% - 4:49
PK3 Forward
1 - 0% - 55%
2 - 0% - 45%
PK3 Defense
1 - 0% - 55%
2 - 0% - 45%
44 Forward
1 - 73% - 55% - 1:27
2 - 27% - 45% - 0:32
44 Defense
1 - 73% - 55% - 1:27
2 - 27% - 45% - 0:32
Last Minute Offensive  - 0:00
Last Minute Defensive  - 0:28
Total
Forward - 60:00
Defense - 60:00
% Time on Ice - VANCOUVER VOODOO
Lines # - Real PCT - Wanted PCT - Time Play
Normal Forward
1 - 33% - 34% - 12:39
2 - 29% - 31% - 11:01
3 - 22% - 26% - 8:13
4 - 16% - 9% - 6:01
Normal Defense
1 - 36% - 36% - 13:48
2 - 36% - 35% - 13:38
3 - 28% - 29% - 10:28
4 - 0% - 0% - 0:00
PP Forward
1 - 50% - 50% - 5:50
2 - 50% - 50% - 5:53
PP Defense
1 - 54% - 59% - 6:18
2 - 46% - 41% - 5:25
PK Forward
1 - 46% - 50% - 3:40
2 - 54% - 50% - 4:16
PK Defense
1 - 53% - 58% - 4:12
2 - 47% - 42% - 3:44
PK3 Forward
1 - 0% - 55%
2 - 0% - 45%
PK3 Defense
1 - 0% - 60%
2 - 0% - 40%
44 Forward
1 - 50% - 50% - 0:59
2 - 50% - 50% - 1:00
44 Defense
1 - 0% - 50% - 0:00
2 - 100% - 50% - 1:59
Last Minute Offensive  - 0:28
Last Minute Defensive  - 0:00
Total
Forward - 60:00
Defense - 60:00
Play-by-Play 1st period 0:01 of 1st period - Noel Acciari wins face-off versus Brayden Point in neutral zone. 0:51 of 1st period - Icing by Michael Matheson. 0:52 of 1st period - Jimmy Vesey wins face-off versus Brayden Point in VANCOUVER VOODOO zone. 0:52 of 1st period - J.T. Compher is hit by Brett Kulak and loses puck. 1:05 of 1st period - Shot by Jimmy Vesey. 1:05 of 1st period - Stopped by Carey Price without a rebound. 1:06 of 1st period - Anze Kopitar wins face-off versus Ivan Barbashev in VANCOUVER VOODOO zone. 1:06 of 1st period - Anze Kopitar is hit by Milan Lucic. 1:07 of 1st period - Minor Penalty to Milan Lucic for High sticking. 1:08 of 1st period - Andrew Shaw wins face-off versus Jimmy Vesey in OAKLAND GORILLAS zone. 1:18 of 1st period - Shot by Andrew Shaw. 1:18 of 1st period - Shot Blocked by Jakob Chychrun. 1:20 of 1st period - Shot by Tomas Tatar. 1:20 of 1st period - Stopped by Robin Lehner with a rebound. 1:22 of 1st period - Shot by Rasmus Andersson. 1:22 of 1st period - Shot Misses the Net. 1:32 of 1st period - Shot by Frank Vatrano. 1:32 of 1st period - Goal by Frank Vatrano - OAKLAND GORILLAS : 0 - VANCOUVER VOODOO : 1. 1:33 of 1st period - Joel Eriksson Ek wins face-off versus Ivan Barbashev in neutral zone. 1:35 of 1st period - Shea Theodore is hit by Erik Gudbranson and loses puck. 1:50 of 1st period - Joel Eriksson Ek is hit by Erik Gudbranson and loses puck. 2:43 of 1st period - Minor Penalty to Erik Gudbranson for Holding. 2:44 of 1st period - Brayden Point wins face-off versus Jimmy Vesey in OAKLAND GORILLAS zone. 2:45 of 1st period - Shot by Cam Atkinson. 2:45 of 1st period - Deflect By Brayden Point. 2:45 of 1st period - Shot Hit the Post. 3:07 of 1st period - Shot by Cam Atkinson. 3:07 of 1st period - Shot Misses the Net. 3:09 of 1st period - Shot by Mathew Dumba. 3:09 of 1st period - Shot Blocked by John Moore. 3:11 of 1st period - Shot by Michael Matheson. 3:11 of 1st period - Stopped by Robin Lehner without a rebound. 3:12 of 1st period - Andrew Shaw wins face-off versus Wayne Simmonds in OAKLAND GORILLAS zone. 3:47 of 1st period - Shot by Frank Vatrano. 3:47 of 1st period - Shot Misses the Net. 3:49 of 1st period - Shot by Frank Vatrano. 3:49 of 1st period - Shot Misses the Net. 3:54 of 1st period - Andrew Shaw is hit by Jakob Chychrun and loses puck. 4:22 of 1st period - Off-side. 4:23 of 1st period - Brayden Point wins face-off versus Jimmy Vesey in neutral zone. 4:42 of 1st period - Shot by Mathew Dumba. 4:42 of 1st period - Shot Misses the Net. 5:07 of 1st period - Shot by Noel Acciari. 5:07 of 1st period - Shot Misses the Net. 5:59 of 1st period - Shot by Ryan Hartman. 5:59 of 1st period - Shot Misses the Net. 6:17 of 1st period - Shot by Bryan Little. 6:17 of 1st period - Shot Blocked by Jakob Chychrun. 6:35 of 1st period - Shot by Jimmy Vesey. 6:35 of 1st period - Stopped by Carey Price without a rebound. 6:36 of 1st period - Anze Kopitar wins face-off versus Ivan Barbashev in VANCOUVER VOODOO zone. 6:41 of 1st period - Shot by Anze Kopitar. 6:41 of 1st period - Shot Blocked by Erik Gudbranson. 8:28 of 1st period - Ryan Dzingel is hit by Rasmus Andersson and loses puck. 8:44 of 1st period - Shot by Jonas Brodin. 8:44 of 1st period - Deflect By Nico Hischier. 8:44 of 1st period - Stopped by Carey Price with a rebound. 9:16 of 1st period - Shot by Frank Vatrano. 9:16 of 1st period - Shot Misses the Net. 9:18 of 1st period - Shot by Rocco Grimaldi. 9:18 of 1st period - Shot Misses the Net. 9:20 of 1st period - Shot by Michael Matheson. 9:20 of 1st period - Shot Misses the Net. 9:22 of 1st period - Shot by Michael Matheson. 9:22 of 1st period - Shot Misses the Net. 9:24 of 1st period - Shot by Michael Matheson. 9:24 of 1st period - Stopped by Robin Lehner without a rebound. 9:25 of 1st period - Joel Eriksson Ek wins face-off versus Ivan Barbashev in OAKLAND GORILLAS zone. 9:28 of 1st period - Shot by Leo Komarov. 9:28 of 1st period - Shot Misses the Net. 10:08 of 1st period - Icing by Milan Lucic. 10:09 of 1st period - Ivan Barbashev wins face-off versus Bryan Little in OAKLAND GORILLAS zone. 10:09 of 1st period - Ivan Barbashev is hit by Frank Vatrano. 10:56 of 1st period - Off-side. 10:57 of 1st period - Noel Acciari wins face-off versus Brayden Point in neutral zone. 11:00 of 1st period - Shot by Nico Hischier. 11:00 of 1st period - Shot Misses the Net. 11:02 of 1st period - Shot by Samuel Girard. 11:02 of 1st period - Stopped by Carey Price without a rebound. 11:03 of 1st period - Brayden Point wins face-off versus Nico Hischier in VANCOUVER VOODOO zone. 11:44 of 1st period - Shot by Nico Hischier. 11:44 of 1st period - Goal by Nico Hischier - OAKLAND GORILLAS : 1 - VANCOUVER VOODOO : 1. 11:45 of 1st period - Brandon Dubinsky wins face-off versus Anze Kopitar in neutral zone. 11:50 of 1st period - Icing by Anze Kopitar. 11:51 of 1st period - Brandon Dubinsky wins face-off versus Anze Kopitar in VANCOUVER VOODOO zone. 11:51 of 1st period - J.T. Compher is hit by Brett Kulak and loses puck. 12:02 of 1st period - Shot by Andrew Shaw. 12:02 of 1st period - Stopped by Robin Lehner without a rebound. 12:03 of 1st period - Bryan Little wins face-off versus Cedric Paquette in OAKLAND GORILLAS zone. 12:16 of 1st period - Shot by Frank Vatrano. 12:16 of 1st period - Stopped by Robin Lehner without a rebound. 12:17 of 1st period - Brandon Dubinsky wins face-off versus Brayden Point in OAKLAND GORILLAS zone. 12:26 of 1st period - Shot by Cam Atkinson. 12:26 of 1st period - Shot Misses the Net. 12:28 of 1st period - Shot by Brayden Point. 12:28 of 1st period - Shot Misses the Net. 12:51 of 1st period - Icing by Shea Theodore. 12:52 of 1st period - Brayden Point wins face-off versus Nico Hischier in VANCOUVER VOODOO zone. 12:54 of 1st period - Icing by Cam Atkinson. 12:55 of 1st period - Brayden Point wins face-off versus Noel Acciari in VANCOUVER VOODOO zone. 13:11 of 1st period - Alexander Kerfoot is hit by Noel Acciari and loses puck. 13:24 of 1st period - Shot by Brayden Point. 13:24 of 1st period - Shot Hit the Post. 14:20 of 1st period - J.T. Compher is hit by Brett Kulak. 14:23 of 1st period - Jimmy Vesey is hit by Brett Kulak and loses puck. 14:45 of 1st period - Icing by Erik Gudbranson. 14:46 of 1st period - Ivan Barbashev wins face-off versus Bryan Little in OAKLAND GORILLAS zone. 14:51 of 1st period - Rocco Grimaldi is hit by Milan Lucic and loses puck. 15:11 of 1st period - Shot by Frank Vatrano. 15:11 of 1st period - Stopped by Robin Lehner without a rebound. 15:12 of 1st period - Brayden Point wins face-off versus Noel Acciari in OAKLAND GORILLAS zone. 16:14 of 1st period - Shot by Frank Vatrano. 16:14 of 1st period - Stopped by Robin Lehner without a rebound. 16:15 of 1st period - Bryan Little wins face-off versus Ivan Barbashev in OAKLAND GORILLAS zone. 16:15 of 1st period - Minor Penalty to Erik Gudbranson for Elbowing. 16:16 of 1st period - Andrew Shaw wins face-off versus Jimmy Vesey in OAKLAND GORILLAS zone. 17:36 of 1st period - Shot by Cam Atkinson. 17:36 of 1st period - Shot Misses the Net. 17:38 of 1st period - Shot by Michael Matheson. 17:38 of 1st period - Goal by Michael Matheson - OAKLAND GORILLAS : 1 - VANCOUVER VOODOO : 2. 17:39 of 1st period - Noel Acciari wins face-off versus Joel Eriksson Ek in neutral zone. 17:54 of 1st period - Shot by Joel Eriksson Ek. 17:54 of 1st period - Stopped by Robin Lehner without a rebound. 17:55 of 1st period - Brayden Point wins face-off versus Ivan Barbashev in OAKLAND GORILLAS zone. 18:19 of 1st period - Minor Penalty to Erik Gudbranson for Tripping. 18:20 of 1st period - Jimmy Vesey wins face-off versus Andrew Shaw in OAKLAND GORILLAS zone. 18:43 of 1st period - Shot by Tomas Tatar. 18:43 of 1st period - Shot Misses the Net. 19:06 of 1st period - Shot by Wayne Simmonds. 19:06 of 1st period - Shot Misses the Net. Goals for this period are 1 for OAKLAND GORILLAS vs 2 for VANCOUVER VOODOO. Shots for this period are 5 for OAKLAND GORILLAS vs 10 for VANCOUVER VOODOO. 2nd period 0:01 of 2nd period - Brayden Point wins face-off versus Jimmy Vesey in neutral zone. 0:10 of 2nd period - Shot by Brayden Point. 0:10 of 2nd period - Shot Misses the Net. 0:22 of 2nd period - Icing by Rocco Grimaldi. 0:23 of 2nd period - Noel Acciari wins face-off versus Bryan Little in VANCOUVER VOODOO zone. 0:26 of 2nd period - Shot by Nico Hischier. 0:26 of 2nd period - Stopped by Carey Price without a rebound. 0:27 of 2nd period - Brandon Dubinsky wins face-off versus Anze Kopitar in VANCOUVER VOODOO zone. 0:34 of 2nd period - Shot by J.T. Compher. 0:34 of 2nd period - Shot Misses the Net. 0:57 of 2nd period - Icing by Michael Matheson. 0:58 of 2nd period - Noel Acciari wins face-off versus Andrew Shaw in VANCOUVER VOODOO zone. 1:05 of 2nd period - Shot by Tomas Tatar. 1:05 of 2nd period - Shot Misses the Net. 1:39 of 2nd period - Ryan Dzingel is hit by Rasmus Andersson and loses puck. 1:53 of 2nd period - Ivan Barbashev is hit by Christian Wolanin. 2:01 of 2nd period - Shot by Jonas Brodin. 2:01 of 2nd period - Stopped by Carey Price without a rebound. 2:02 of 2nd period - Brandon Dubinsky wins face-off versus Brayden Point in VANCOUVER VOODOO zone. 2:06 of 2nd period - Minor Penalty to Brandon Dubinsky for Hooking. 2:07 of 2nd period - Brayden Point wins face-off versus Jimmy Vesey in OAKLAND GORILLAS zone. 2:20 of 2nd period - Shot by Brayden Point. 2:20 of 2nd period - Shot Misses the Net. 3:10 of 2nd period - Shot by Andrew Shaw. 3:10 of 2nd period - Stopped by Robin Lehner with a rebound. 3:12 of 2nd period - Shot by Tomas Tatar. 3:12 of 2nd period - Shot Misses the Net. 4:11 of 2nd period - Shot by Joel Eriksson Ek. 4:11 of 2nd period - Stopped by Robin Lehner without a rebound. 4:12 of 2nd period - Noel Acciari wins face-off versus Joel Eriksson Ek in OAKLAND GORILLAS zone. 4:12 of 2nd period - Noel Acciari is hit by Austin Wagner. 4:24 of 2nd period - Shot by Noel Acciari. 4:24 of 2nd period - Shot Misses the Net. 4:27 of 2nd period - Icing by Shea Theodore. 4:28 of 2nd period - Joel Eriksson Ek wins face-off versus Brandon Dubinsky in V